 Dungeon Crawl Stone Soup version 0.27-a0-216-g1fbed8a51c (webtiles) character file.

Game seed: 15663030760487165037

1011 knot the Cleaver (level 8, 53/58 HPs)
             Began as a Demonspawn Berserker on Feb 1, 2021.
             Was an Elder of Trog.
             Quit the game on level 4 of the Dungeon.
             The game lasted 00:05:58 (4512 turns).

knot the Cleaver (Demonspawn Berserker)             Turns: 4512, Time: 00:05:58

Health: 53/58      AC:  5    Str: 17    XL:     8   Next: 1%
Magic:  6/8        EV: 12    Int: 11    God:    Trog [****..]
Gold:   185        SH:  0    Dex: 13    Spells: 7/7 levels left

rFire    + . .     SeeInvis .   t - +0 war axe
rCold    + . .     Faith    .   (no shield)
rNeg     . . .     Spirit   +   i - +0 troll leather armour
rPois    .         Reflect  .   p - +0 helmet
rElec    .         Harm     .   v - scarf {rC+ rF+}
rCorr    .         Rampage  .   (no gloves)
Will     .....                  (no boots)
Stlth    +.........             (no amulet)
HPRegen  1.59/turn              (no ring)
MPRegen  0.22/turn              (no ring)

@: no status effects
A: hooves 1, powered by death 2, magic shield, magic regeneration
a: Renounce Religion, Berserk, Trog's Hand, Brothers in Arms


You were on level 4 of the Dungeon.
You worshipped Trog.
Trog was greatly pleased with you.
You visited 2 branches of the dungeon, and saw 5 of its levels.

You collected 185 gold pieces.

Inventory:

Hand Weapons
 t - a +0 war axe (weapon)
 B - a +2 halberd of venom
Missiles
 a - 16 boomerangs (quivered)
 c - 165 stones
 x - 5 boomerangs of dispersal
Armour
 i - a +0 troll leather armour (worn)
 p - a +0 helmet (worn)
 r - a +0 cloak
 v - a scarf of resistance (worn)
Magical Staves
 y - an uncursed staff of earth {unknown}
Jewellery
 u - a +4 ring of protection
Wands
 z - a wand of iceblast (7)
Scrolls
 b - 4 scrolls of teleportation {unknown}
 e - 9 scrolls of identify {unknown}
 f - 2 scrolls of random uselessness {unknown}
 h - a scroll of blinking {unknown}
 j - a scroll of fear {unknown}
 m - 3 scrolls of enchant armour {unknown}
 n - a scroll of fog {unknown}
 A - a scroll of noise {unknown}
Potions
 d - a potion of invisibility {unknown}
 g - 2 potions of mutation {unknown}
 k - 2 potions of heal wounds {unknown}
 l - a potion of curing {unknown}
 o - a potion of magic {unknown}
 q - a potion of degeneration {unknown}
 s - a potion of resistance {unknown}
 w - a potion of attraction {unknown}


   Skills:
 - Level 3.0 Fighting
 * Level 8.1 Axes
 * Level 3.6 Throwing
 - Level 1.7 Armour
 - Level 1.7 Dodging


You had 7 spell levels left.
You didn't know any spells.
Your spell library was empty.

Dungeon Overview and Level Annotations

Branches:
Dungeon (4/15)             Temple (1/1) D:4

Altars:
Dithmenos
Okawaru
Sif Muna


Innate Abilities, Weirdness & Mutations

You have large cloven feet.
You regenerate health from kills.
When hurt, damage is shared between your health and your magic reserves.
You regenerate magic rapidly.


Message History

The orc wizard hits you but does no damage.
You completely miss the quokka skeleton.
The quokka skeleton is almost destroyed.
You miss the orc wizard. The quokka skeleton bites you.
The orc wizard barely misses you.
You hit the quokka skeleton.
You destroy the quokka skeleton!
Trog accepts your kill.
You closely miss the orc wizard. The orc wizard barely misses you.
You hit the orc wizard.
The orc wizard is severely wounded.
The orc wizard barely misses you.
You slash the orc wizard!
You kill the orc wizard!
Trog accepts your kill.
Trog appreciates your killing of a magic user.
You have reached level 8!
You feel clever.
Your demonic ancestry asserts itself...
Your feet thicken and deform.
Are you sure you want to abandon this character and quit the game? (Confirm with "yes".)

. #≈≈≈≈≈≈≈≈≈#.##.......#
#.
..#≈#.....#≈#..........#
#.
...≈.......≈......##'#.#
#.
...≈.......≈......##...#
##
...≈...>...≈......###..#
...≈.......†......###..#
...≈.......)..........>>
..#≈#.....#≈#...........
. #≈≈≈≈≈≈≈≈≈#...@.......
###.....###..)).......
...................##
.##.#......#.....)..#
..#.#..#.#........#
#..#.#........# #.
#........# #........#


There were no monsters in sight!

Vanquished Creatures
  An ogre (D:4)
  2 phantoms (D:4)
  5 wights (D:3)
  A howler monkey (D:4)
  2 hounds
  A worker ant (D:4)
  Natasha (D:2)
  6 orc wizards
  6 adders
  5 gnolls
  An ooze (D:1)
  An adder skeleton (D:4)
  A worm (D:2)
  2 dart slugs
  3 leopard geckos
  16 orcs
  5 giant cockroaches
  13 goblins
  6 hobgoblins
  18 jackals
  8 kobolds
  A quokka (D:3)
  8 bats
  A frilled lizard (D:3)
  A quokka skeleton (D:4)
  8 rats
123 creatures vanquished.

Notes
Turn   | Place    | Note
-------+----------+-------------------------------------------
     0 | D:1      | knot the Demonspawn Berserker began the quest for the Orb.
     0 | D:1      | Reached XP level 1. HP: 18/18 MP: 1/1
    63 | D:1      | Reached skill level 3 in Axes
   162 | D:1      | Gained mutation: You regenerate a little health from kills.
                  | [demonic ancestry]
   162 | D:1      | Reached XP level 2. HP: 24/24 MP: 2/2
   678 | D:1      | Reached XP level 3. HP: 22/29 MP: 3/3
  1126 | D:1      | Reached skill level 4 in Axes
  1574 | D:2      | Reached ** piety under Trog
  1852 | D:2      | Gained mutation: You regenerate magic rapidly. [demonic
                  | ancestry]
  1852 | D:2      | Reached XP level 4. HP: 28/35 MP: 4/4
  1916 | D:2      | Noticed Natasha
  1924 | D:2      | Killed Natasha
  2237 | D:2      | Found a shimmering blue altar of Sif Muna.
  2462 | D:3      | Reached skill level 5 in Axes
  2573 | D:3      | Gained mutation: You regenerate health from kills. [demonic
                  | ancestry]
  2573 | D:3      | Reached XP level 5. HP: 32/41 MP: 5/5
  2578 | D:3      | Reached skill level 6 in Axes
  2683 | D:3      | Reached XP level 6. HP: 29/44 MP: 6/6
  2847 | D:3      | Reached *** piety under Trog
  3091 | D:3      | Reached skill level 7 in Axes
  3719 | D:4      | Reached skill level 1 in Throwing
  3719 | D:4      | Gained mutation: When hurt, damage is shared between your
                  | health and your magic reserves. [demonic ancestry]
  3719 | D:4      | Reached XP level 7. HP: 28/52 MP: 7/7
  4180 | D:4      | Reached **** piety under Trog
  4384 | D:4      | Found a staircase to the Ecumenical Temple.
  4434 | Temple   | Entered the Ecumenical Temple
  4466 | D:4      | Reached skill level 8 in Axes
  4512 | D:4      | Gained mutation: You have large cloven feet. [demonic
                  | ancestry]
  4512 | D:4      | Reached XP level 8. HP: 53/58 MP: 6/8
  4512 | D:4      | Quit the game

Illustrated notes

Levels and vault maps discovered:
D:1:      dpeg_arrival_prison, layout_loops_corners, serial_forest,
          infiniplex_forest_corner_1, infiniplex_forest_clump_small,
          infiniplex_forest_clump_tiny, infiniplex_forest_lined_1
D:2:      layout_loops_ring, lemuel_blue_sif_altar, bh_walls_and_bars,
          uniq_natasha
D:3:      layout_basic
D:4:      layout_basic, minmay_temple_entry_water_ring
Temple:   chequers_temple_sunken

Skill      XL: |  1  2  3  4  5  6  7 |
---------------+----------------------+-----
Axes           | 3 4 5 6 7 8 |  8.1
Throwing       | 1 3 |  3.6
Fighting       | |  3.0
Armour         | |  1.7
Dodging        | |  1.7

Action                   |  1- 3 |  4- 6 |  7- 9 || total
-------------------------+-------+-------+-------++-------
Melee: Hand axe          |   145 |   111 |       ||   256
       War axe           |       |    82 |   120 ||   202
Throw: Boomerang         |       |     6 |    16 ||    22
Invok: Berserk           |     1 |     4 |     3 ||     8
       Trog's Hand       |       |     1 |     1 ||     2
 Stab: Sleeping          |     2 |       |       ||     2
Armor: Animal skin       |     8 |       |       ||     8
       Troll leather arm |    45 |    45 |    41 ||   131
Dodge: Dodged            |    83 |    93 |    94 ||   270

Table legend: (Time is in decaauts)
 A = Elapsed time spent in this place.
 B = Non-inter-level travel time spent in this place.
 C = Inter-level travel time spent in this place.
 D = Time resting spent in this place.
 E = Time spent auto-exploring this place.
 F = Levels seen in this place.
 G = Mean time per level.
                   A        B        C        D        E       F      G
               +--------+--------+--------+--------+--------+-----+--------+
         Total |   4633 |   4466 |    167 |   1415 |   2132 |   5 |  926.6 |
       Dungeon |   4604 |   4437 |    167 |   1388 |   2132 |   4 | 1151.0 |
        Temple |     28 |     28 |      0 |     27 |      0 |   1 |   28.0 |
               +--------+--------+--------+--------+--------+-----+--------+

Top non-repeatable levels by time:
     D:1: 1573 daAuts
     D:3: 1361 daAuts
     D:2: 843 daAuts
     D:4: 827 daAuts
  Temple: 28 daAuts
